 Dungeon Crawl Stone Soup version 0.21-a0-178-g0b87683 (webtiles) character file.

18937 wolfsongas the Spear-Bearer (level 12, -7/94 HPs)
             Began as a Demonspawn Fighter on Aug 9, 2017.
             Was an Initiate of Gozag.
             Mangled by a 14-headed hydra (9 damage)
             ... on level 12 of the Dungeon.
             The game lasted 00:25:01 (10131 turns).

wolfsongas the Spear-Bearer (Demonspawn Fighter)   Turns: 10131, Time: 00:25:02

Health: -7/94      AC: 22    Str: 22    XL:     12   Next: 32%
Magic:  0/12       EV:  5    Int: 13    God:    Gozag
Gold:   2294       SH: 11    Dex: 15    Spells: 11/11 levels left

rFire    . . .     SeeInvis .   D - +8 war axe of the Four Deaths {drain, rElec rC++ MR+}
rCold    + + .     Gourm    .   c - +0 shield
rNeg     . . .     Faith    .   a - +0 plate armour {rPois}
rPois    +         Spirit   +   y - +2 hat {MR+}
rElec    +         Reflect  .   b - +0 cloak
rCorr    .         Harm     .   d - +0 pair of gloves
MR       ++...     Clarity  +   (no boots)
Stlth    ..........             (no amulet)
HPRegen  0.25/turn              l - ring "Kusukeog" {Wiz +Blink Dex+2}
MPRegen  0.26/turn              r - +2 ring of intelligence

@: no status effects
A: talons 1, iridescent scales 2, blurry vision 1, clarity, foul stench 1,
strong 1, magic shield, magic regeneration, rot immunity
a: Potion Petition, Call Merchant, Bribe Branch, Renounce Religion, Evoke Blink


You were on level 12 of the Dungeon.
You worshipped Gozag.
Gozag was most pleased with you.
You were full.

You visited 1 branch of the dungeon, and saw 13 of its levels.

You collected 2658 gold pieces.
You paid 364 gold pieces to Gozag.

Inventory:

Hand Weapons
 j - a cursed -2 eveningstar
 s - a +3 spear of freezing
 D - the +8 war axe of the Four Deaths (weapon) {drain, rElec rC++ MR+}
   (You found it on level 9 of the Dungeon)

   A truly terrible weapon, it drains the life of those it strikes.
   It greatly protects you from cold.
   It insulates you from electricity.
   It affects your resistance to hostile enchantments.
Armour
 a - a +0 plate armour of poison resistance (worn)
 b - a +0 cloak (worn)
 c - a +0 shield (worn)
 d - a +0 pair of gloves (worn)
 y - a +2 hat of magic resistance (worn)
Jewellery
 l - the ring "Kusukeog" (left hand) {Wiz +Blink Dex+2}
   (You found it on level 10 of the Dungeon)

   [ring of wizardry]

   It improves your spell success rate.
   It affects your dexterity (+2).
   It lets you blink.
 o - an uncursed ring of ice
 r - a +2 ring of intelligence (right hand)
 u - an uncursed ring of stealth
Wands
 x - a wand of disintegration (10/24)
Scrolls
 f - a scroll of fear
 i - a scroll of remove curse
 p - 5 scrolls of teleportation
 q - a scroll of recharging
 v - 3 scrolls of amnesia
 E - 2 scrolls of identify
Potions
 e - 4 potions of curing
 k - 2 potions of magic
 m - a potion of haste
 n - a potion of heal wounds
 w - 2 potions of agility
 z - a potion of lignification
 B - a potion of ambrosia
Comestibles
 g - 8 meat rations
 h - 26 fruits
 t - 4 royal jellies


   Skills:
 + Level 8.5 Fighting
 * Level 6.6(10.3) Axes
 - Level 12.2(12.8) Polearms
 + Level 8.0 Armour
 + Level 7.8 Shields


You had 11 spell levels left.
You didn't know any spells.

Dungeon Overview and Level Annotations

Branches:
Dungeon (13/15)            Temple (0/1) D:4             Orc (0/2) D:10
 Vaults (0/5) D:13
   Lair: D:8-11

Altars:
Ashenzari
Cheibriados
Fedhas
Gozag
Hepliaklqana
Kikubaaqudgha
Okawaru
Qazlal
Wu Jian
Xom
Zin


Innate Abilities, Weirdness & Mutations

You have sharp toenails.
You are mostly covered in iridescent scales. (AC +4)
You may emit foul miasma when damaged in melee.
When hurt, damage is shared between your health and your magic reserves.
You regenerate magic rapidly.
You are immune to rotting.
Scrolls take you a little longer to read.
You possess an exceptional clarity of mind.
Your muscles are strong. (Str +2)


Message History

The 14-headed hydra is severely wounded.
The 14-headed hydra is engulfed in dark miasma.
The 14-headed hydra completely misses you.
The 14-headed hydra bites you!
* * * LOW HITPOINT WARNING * * *
The 14-headed hydra bites you but does no damage.
The 14-headed hydra barely misses you.
The 14-headed hydra bites you but does no damage.
The 14-headed hydra bites you!
* * * LOW HITPOINT WARNING * * *
The 14-headed hydra bites you but does no damage.
The 14-headed hydra barely misses you.
You block the 14-headed hydra's attack. x2
The 14-headed hydra bites you.
* * * LOW HITPOINT WARNING * * *
The 14-headed hydra bites you but does no damage.
The 14-headed hydra bites you!
* * * LOW HITPOINT WARNING * * *
The 14-headed hydra bites you!
You die...
Your body crumbles into a pile of gold.

#. #..#
#.##..#
#..#..#
#.#..#######
#...........
##..########
#..# ##D#
#@# #># #.#
#.# #.# #.#
#.# #.# #.#


You could see a 14-headed hydra.

Vanquished Creatures
  Gastronok (D:8)
  4 two-headed ogres
  A deep elf knight (D:13)
  3 skeletal warriors (D:10)
  An orc knight (D:11)
  3 ugly things
  2 deep elf magi (D:13)
  2 cyclopes
  A manticore (D:11)
  2 centaur skeletons
  3 trolls
  3 hippogriffs
  Prince Ribbit (D:6)
  A wraith (D:10)
  4 fire bats (D:11)
  4 yaks (D:10)
  A hell hound (D:11)
  A black bear (D:9)
  3 ice beasts
  A phantom (D:6)
  3 sky beasts
  5 ogres
  2 necrophages
  2 orc warriors (D:11)
  An eye of draining (D:13)
  A crocodile (D:10)
  9 centaurs
  A big kobold (D:8)
  5 bullfrogs
  5 scorpions
  3 killer bees
  5 wights (D:7)
  3 howler monkeys
  8 crimson imps
  4 jellies
  A quasit (D:8)
  2 centaur zombies
  11 hounds
  12 orc wizards
  6 orc priests
  2 bullfrog skeletons
  A gnoll shaman (D:10)
  8 worker ants
  3 iguanas
  A hound skeleton (D:6)
  2 howler monkey zombies
  A worker ant zombie (D:11)
  11 gnolls
  12 adders
  3 shadow imps
  2 oozes
  5 worms
  4 dart slugs
  2 leopard geckos
  42 orcs
  3 ball pythons
  3 bats
  4 giant cockroaches
  9 goblins
  15 hobgoblins
  13 jackals
  8 kobolds
  5 quokkas
  3 frilled lizards
  4 rats
297 creatures vanquished.

Vanquished Creatures (others)
  A centaur warrior (D:13)
  A centaur (D:13)
  10 plants (D:11)
12 creatures vanquished.

Grand Total: 309 creatures vanquished

Notes
Turn   | Place    | Note
-------+----------+-------------------------------------------
     0 | D:1      | wolfsongas the Demonspawn Fighter began the quest for the Orb.
     0 | D:1      | Reached XP level 1. HP: 18/18 MP: 1/1
    19 | D:1      | Reached skill level 2 in Polearms
   121 | D:1      | Gained mutation: You are partially covered in iridescent scales. (AC +2) [demonic ancestry]
   121 | D:1      | Reached XP level 2. HP: 24/24 MP: 2/2
   461 | D:2      | Reached skill level 3 in Polearms
   461 | D:2      | Reached XP level 3. HP: 29/29 MP: 3/3
   714 | D:2      | Found a shimmering altar of Xom.
   905 | D:3      | Found a faded altar of an unknown god.
   962 | D:3      | Became a worshipper of Gozag Ym Sagoz the Greedy
  1018 | D:3      | Gained mutation: You are immune to rotting. [demonic ancestry]
  1018 | D:3      | Reached XP level 4. HP: 28/35 MP: 4/4
  1039 | D:3      | Reached skill level 4 in Polearms
  1467 | D:3      | Found an iron altar of Okawaru.
  1858 | D:3      | Reached skill level 5 in Polearms
  1858 | D:3      | Gained mutation: When hurt, damage is shared between your health and your magic reserves. [demonic ancestry]
  1858 | D:3      | Reached XP level 5. HP: 38/41 MP: 5/5
  2098 | D:4      | Gained mutation: You have sharp toenails. [demonic ancestry]
  2098 | D:4      | Reached XP level 6. HP: 35/47 MP: 6/6
  2224 | D:4      | Reached skill level 6 in Polearms
  2421 | D:4      | Found a staircase to the Ecumenical Temple.
  3105 | D:5      | Entered Level 5 of the Dungeon
  3173 | D:5      | Found a blossoming altar of Fedhas.
  3183 | D:5      | Reached skill level 7 in Polearms
  3187 | D:5      | Gained mutation: You regenerate magic rapidly. [demonic ancestry]
  3187 | D:5      | Reached XP level 7. HP: 49/52 MP: 7/7
  3569 | D:5      | Reached skill level 8 in Polearms
  3624 | D:5      | Found a stormy altar of Qazlal.
  3629 | D:5      | Found a hazy altar of Hepliaklqana.
  3644 | D:5      | Found an ornate altar of the Wu Jian Council.
  3686 | D:5      | Reached XP level 8. HP: 49/58 MP: 8/8
  3692 | D:5      | Reached skill level 9 in Polearms
  3957 | D:6      | Found an ancient bone altar of Kikubaaqudgha.
  4292 | D:6      | Found an ancient bone altar of Kikubaaqudgha.
  4464 | D:6      | Noticed Prince Ribbit
  4486 | D:6      | Reached skill level 10 in Polearms
  4509 | D:6      | Found a shattered altar of Ashenzari.
  4513 | D:6      | Found a glowing silver altar of Zin.
  4572 | D:6      | Killed Prince Ribbit
  4945 | D:7      | Reached XP level 9. HP: 60/65 MP: 9/9
  5521 | D:8      | Found a snail-covered altar of Cheibriados.
  5549 | D:8      | Noticed Gastronok
  5605 | D:8      | Killed Gastronok
  5605 | D:8      | Reached skill level 5 in Fighting
  5605 | D:8      | Reached skill level 11 in Polearms
  5605 | D:8      | Reached skill level 5 in Armour
  5605 | D:8      | Reached skill level 5 in Shields
  5605 | D:8      | Gained mutation: You are mostly covered in iridescent scales. (AC +4) [demonic ancestry]
  5605 | D:8      | Reached XP level 10. HP: 41/74 MP: 6/10
  5932 | D:8      | Noticed a two-headed ogre
  5942 | D:8      | Killed a two-headed ogre
  6342 | D:9      | Noticed a two-headed ogre
  6368 | D:9      | Killed a two-headed ogre
  6368 | D:9      | Reached skill level 12 in Polearms
  6425 | D:9      | Got a smoking war axe
  6426 | D:9      | Identified the +8 war axe of the Four Deaths {drain, rElec rC++ MR+} (You found it on level 9 of the Dungeon)
  6524 | D:9      | Noticed a two-headed ogre
  6534 | D:9      | Killed a two-headed ogre
  6844 | D:9      | Gained mutation: You may emit foul miasma when damaged in melee. [demonic ancestry]
  6844 | D:9      | Reached XP level 11. HP: 83/83 MP: 11/11
  7073 | D:10     | Entered Level 10 of the Dungeon
  7169 | D:10     | You fall through a shaft for 3 floors!
  7173 | D:13     | Reached skill level 1 in Axes
  7217 | D:13     | Noticed a centaur warrior
  7219 | D:13     | Noticed a deep elf mage
  7222 | D:13     | Killed a centaur warrior
  7226 | D:13     | Noticed a deep elf mage
  7226 | D:13     | Noticed a deep elf knight
  7229 | D:13     | Killed a deep elf mage
  7232 | D:13     | Killed a deep elf knight
  7234 | D:13     | Killed a deep elf mage
  7246 | D:13     | Found a gate to the Vaults.
  7750 | D:11     | Noticed an orc knight
  7752 | D:11     | Gained mutation: Scrolls take you a little longer to read. [potion of mutation]
  7752 | D:11     | Gained mutation: Your muscles are strong. (Str +2) [potion of mutation]
  7752 | D:11     | Gained mutation: You possess an exceptional clarity of mind. [potion of mutation]
  7767 | D:11     | Killed an orc knight
  8174 | D:11     | Noticed a two-headed ogre
  8191 | D:11     | Killed a two-headed ogre
  8212 | D:11     | Reached skill level 5 in Axes
  8220 | D:11     | Noticed a green ugly thing
  8233 | D:11     | Killed a green ugly thing
  8252 | D:11     | Noticed a purple ugly thing
  8287 | D:11     | Noticed a skeletal warrior
  8292 | D:11     | Noticed a skeletal warrior
  8292 | D:11     | Noticed a skeletal warrior
  8294 | D:11     | Noticed a skeletal warrior
  8298 | D:11     | Noticed a skeletal warrior
  8620 | D:10     | Killed a purple ugly thing
  8620 | D:10     | Reached XP level 12. HP: 41/92 MP: 6/12
  8917 | D:10     | Got a crude bronze ring
  8920 | D:10     | Identified the ring "Kusukeog" {Wiz +Blink Dex+2} (You found it on level 10 of the Dungeon)
  9840 | D:10     | Found a staircase to the Orcish Mines.
 10111 | D:12     | Noticed a seven-headed hydra
 10131 | D:12     | HP: 2/94 [14-headed hydra (6)]
 10131 | D:12     | Mangled by a 14-headed hydra

Vault maps used:
D:1:      dpeg_arrival_leaves_temple_mockup
D:2:      xom_teletrap_fun, first_bread, minmay_misc_feat_room
D:3:      chequers_ecumenical_altar_island, kennysheep_okawaru_gauntlet
D:4:      temple_statues, corexii_checkpoint_a
D:5:      overflow_temple_1_default, grunt_temple_overflow_open
D:6:      cheibrodos_ashenzari_chains, overflow_temple_1_default, basic_altar,
          kennysheep_flooded_box, uniq_prince_ribbit1
D:8:      overflow_temple_1_default, blue_anna_alchemist, uniq_gastronok
D:10:     orc_0_dummy
D:11:     cheibrodos_orc_bank, dpeg_oklobed_lair, hangedman_incinerator,
          uniq_snorg
D:12:     st_stairs_4
D:13:     hangedman_vaults_entry_quadrant_bands, nicolae_trove_entry_crystal,
          minmay_misc_feat_pillars

Skill      XL: |  1  2  3  4  5  6  7  8  9 10 11 12 |
---------------+-------------------------------------+-----
Polearms       | 2 3 5 7 8 10 11 12 | 12.2
Armour         | 3 5 6 7 8 |  8.0
Shields        | 3 5 6 7 |  7.8
Fighting       | 5 6 8 |  8.5
Axes           | 5 6 |  6.6

Action                   |  1- 3 |  4- 6 |  7- 9 | 10-12 || total
-------------------------+-------+-------+-------+-------++-------
Melee: Trident           |    99 |   193 |       |       ||   292
       Spear             |       |    70 |   368 |   125 ||   563
       Kick              |       |    23 |    98 |   122 ||   243
       War axe           |       |       |       |   281 ||   281
Invok: Potion Petition   |       |       |     1 |     1 ||     2
Evoke: Wand              |       |       |       |     2 ||     2
  Use: Scroll            |    10 |     2 |     4 |    12 ||    28
       Potion            |     1 |     3 |     4 |     7 ||    15
 Stab: Distracted        |     1 |     2 |     1 |     1 ||     5
       Invisible         |       |       |       |    17 ||    17
  Eat: Bread ration      |       |     2 |     1 |     4 ||     7
       Royal jelly       |       |       |     2 |       ||     2
Armor: Ring mail         |    19 |    92 |     4 |       ||   115
       Scale mail        |     3 |       |       |       ||     3
       Plate armour      |       |       |    87 |   229 ||   316
Dodge: Dodged            |    14 |    47 |    25 |    72 ||   158
Block: Shield            |    29 |    83 |    64 |   213 ||   389
